 Seeded DCSS version 0.30-a0-989-g0d87f670db (webtiles) character file.

Game seed: 3940080236565294635 (custom seed)

60 bmack86 the Covered (level 3, -1/33 HPs)
             Began as a Minotaur Fighter on Apr 3, 2023.
             Killed by nerve-wracking pain
             ... invoked by Jessica
              (5 damage)
             ... on level 2 of the Dungeon.
             The game lasted 00:04:32 (1223 turns).

bmack86 the Covered (Minotaur Fighter)              Turns: 1223, Time: 00:04:32

Health: -1/33      AC:  7    Str: 22    XL:     3   Next: 80%
Magic:  2/2        EV:  6    Int:  5    God:
Gold:   66         SH:  4    Dex:  9    Spells: 2/2 levels left

rFire   . . .      SeeInvis .    a - +0 war axe
rCold   . . .      Faith    .    c - +0 buckler
rNeg    . . .      Spirit   .    b - +0 scale mail
rPois   .          Reflect  .    (helmet restricted)
rElec   .          Rampage  .    (no cloak)
rCorr   .                        (no gloves)
Will    .....                    (no boots) Stlth
                                 (no amulet)
HPRegen 0.25/turn                (no ring)
MPRegen 0.08/turn                (no ring)

@: mighty, grasped by roots, constricted
A: horns 2, retaliatory headbutt
a: no special abilities


You were on level 2 of the Dungeon.
You visited 1 branch of the dungeon, and saw 2 of its levels.

You collected 66 gold pieces.

Inventory:

Hand Weapons
 a - a +0 war axe (weapon)
Armour
 b - a +0 scale mail (worn)
 c - a +0 buckler (worn)
Scrolls
 e - a scroll of vulnerability {unknown}
 h - a scroll of acquirement {unknown}
 i - a scroll of teleportation {unknown}
 l - a scroll of identify {unknown}
Potions
 f - a potion of degeneration {unknown}
 g - a potion of lignification {unknown}
 j - a potion of mutation {unknown}
 k - a potion of heal wounds {unknown}


   Skills:
 + Level 4.1 Fighting
 * Level 3.7 Axes
 + Level 4.1 Armour
 + Level 4.1 Shields


You had 2 spell levels left.
You didn't know any spells.
Your spell library contained the following spells:

 Spells                   Type           Power      Damage    Failure   Level
 Ozocubu's Armour         Ice            0%         N/A       99%         3
 Ozocubu's Refrigeration  Ice            0%         4d7       100%        7


Dungeon Overview and Level Annotations

Branches:
Dungeon (2/15)

Altars:

Annotations:
D:2 Jessica, Sigmund


Innate Abilities, Weirdness & Mutations

You have a pair of horns on your head.
You reflexively headbutt those who attack you in melee.


Message History

The grasping roots grab you!
The quokka is unaffected.
The grasping roots constrict you.
You hear a shout!
You escape the roots grasp.
Found a hand axe.
The quokka barely misses you. You furiously retaliate!
You headbutt the quokka!
You kill the quokka!
Jessica mumbles some strange words.
Jessica blinks!
Sigmund the Dreaded comes into view.
He is wielding a +0 scythe, wearing a +2 robe of fire resistance and carrying a wand of flame (22).
Sigmund zaps a wand.
The puff of flame hits you but does no damage.
Sigmund zaps a wand.
The puff of flame hits you.
Jessica points at you and mumbles some strange words.
Pain shoots through your body!
Jessica zaps a wand.
The roots erupt in riotous growth!
The grasping roots grab you! The grasping roots constrict you.
You hear an angry hiss.
You feel very mighty all of a sudden.
You escape the roots grasp.
Jessica shouts, "Stop bothering me, or I'll kill you!"
Jessica zaps a wand.
The roots erupt in riotous growth!
Sigmund is unaffected.
The grasping roots grab you!
Jessica is unaffected.
The grasping roots constrict you.
You hear an angry hiss.
You see here a quokka corpse.
You barely miss Sigmund. Your headbutt misses Sigmund.
Sigmund barely misses you. The grasping roots constrict you.
You hit Sigmund. Your headbutt misses Sigmund.
Sigmund is moderately wounded.
You closely miss Jessica. Jessica hits you with a +0 dagger.
* * * LOW HITPOINT WARNING * * *
The grasping roots constrict you.
* * * LOW HITPOINT WARNING * * *
Sigmund casts a spell at you. The puff of flame hits you.
* * * LOW HITPOINT WARNING * * *
Jessica casts a spell at you. Pain shoots through your body!
You die...

#. #. #. #....# #. #....+.#.
#....#.#.## $. ##....#....#
... #......)...####....
#..#######..@......
#..........@@........
#....#####........... #.#..##
#..................
#.#...####..................
##'#.........................
#...........##.............#
#...........##.............##
#...........##'#####.........
#............................


You could see Sigmund and Jessica.

Vanquished Creatures
  A worm (D:2)
  2 dart slugs (D:1)
  8 ball pythons
  6 bats (D:1)
  3 endoplasms (D:1)
  2 giant cockroaches (D:2)
  2 goblins
  5 hobgoblins
  3 jackals (D:1)
  5 quokkas
  4 frilled lizards
  5 kobolds
  3 rats (D:1)
49 creatures vanquished.

Notes
Turn   | Place    | Note
-------+----------+-------------------------------------------
     0 | D:1      | bmack86 the Minotaur Fighter began the quest for the Orb.
     0 | D:1      | Reached XP level 1. HP: 19/19 MP: 0/0
    85 | D:1      | Reached XP level 2. HP: 20/27 MP: 1/1
   316 | D:1      | Found a faded altar of an unknown god.
   390 | D:1      | Reached XP level 3. HP: 24/33 MP: 2/2
  1210 | D:2      | Noticed Jessica
  1217 | D:2      | Noticed Sigmund
  1223 | D:2      | Killed from afar by Jessica

Illustrated notes

Levels and vault maps discovered:
D:1:      sevenhm_arrival_forest_fort_small_4, layout_loops_ring,
          shapermc_ecumenical_altar_notcrosses, minmay_distorted
D:2:      layout_basic, uniq_sigmund, uniq_jessica

Skill      XL: |  1  2  3 |
---------------+----------+-----
Axes           | 3 |  3.7
Fighting       | 4 |  4.1
Armour         | 4 |  4.1
Shields        | 4 |  4.1

Action                     || total
---------------------------++-------
  Melee: War axe           ||    98
         Headbutt          ||     5
    Use: Potion            ||     1
 Armour: Scale mail        ||    48
  Dodge: Dodged            ||    60
  Block: Buckler           ||    24

Table legend: (Time is in decaauts)
 A = Elapsed time spent in this place.
 B = Non-inter-level travel time spent in this place.
 C = Inter-level travel time spent in this place.
 D = Time resting spent in this place.
 E = Time spent auto-exploring this place.
 F = Levels seen in this place.
 G = Mean time per level.
                   A        B        C        D        E       F      G
               +--------+--------+--------+--------+--------+-----+--------+
         Total |   1261 |   1253 |      8 |      0 |    548 |   2 |  630.5 |
       Dungeon |   1261 |   1253 |      8 |      0 |    548 |   2 |  630.5 |
               +--------+--------+--------+--------+--------+-----+--------+

Top non-repeatable levels by time:
     D:1: 791 daAuts
     D:2: 470 daAuts
